 Dungeon Crawl Stone Soup version 0.18.1-50-g88ac8fd (console) character file.

14 Dingbat the Grasshopper (level 2, 0/21 HPs)
             Began as a Spriggan Warper on May 25, 2016.
             Succumbed to an adder's poison
             ... on level 2 of the Dungeon on Mar 27, 2017.
             The game lasted 00:02:48 (509 turns).

Dingbat the Grasshopper (Spriggan Warper)            Turns: 509, Time: 00:02:49

Health: 0/21       AC: 21    Str:  7    XL:     2   Next: 27%
Magic:  6/7        EV:  4    Int: 14    God:
Gold:   48         SH:  0    Dex: 15    Spells: 1 memorised, 6 levels left

rFire  . . .     SeeInvis +     a - +0 short sword
rCold  . . .     Gourm    .     (armour currently unavailable)
rNeg   + + +     Faith    .     (shield restricted)
rPois  +         Spirit   .     (helmet currently unavailable)
rElec  .         Dismiss  .     (cloak currently unavailable)
rCorr  .         Reflect  .     (gloves unavailable)
SustAt .         Harm     .     (boots unavailable)
MR     .....     NoTele   +     (no amulet)
Stlth  +.........               (no ring)
                                (no ring)

@: lethally poisoned (0 -> -2), tree-form, not resistant to hostile
enchantments, very unstealthy
A: unfitting armour, see invisible, herbivore 3, (speed 0), slow metabolism 2
a: no special abilities


You were on level 2 of the Dungeon.
You were not hungry.
You were a tree.
You visited 1 branch of the dungeon, and saw 2 of its levels.

You collected 48 gold pieces.

Inventory:

Hand Weapons
 a - a +0 short sword (weapon)
Missiles
 i - 4 tomahawks (quivered)
Armour
 b - a +0 robe (melded)
Scrolls
 d - a scroll of blinking
 g - 4 scrolls of remove curse {unknown}
 j - a scroll of immolation {unknown}
Books
 c - a book of Spatial Translocations

   Spells                             Type                      Level
   a - Apportation                    Translocation                1
   b - Blink                          Translocation                2
   c - Shroud of Golubria             Charms/Translocation         2
   d - Portal Projectile              Translocation                3
   e - Teleport Other                 Translocation                3
   f - Passage of Golubria            Translocation                4
Comestibles
 f - 2 bread rations


   Skills:
 - Level 1.5 Fighting
 + Level 2.9 Short Blades
 - Level 1.0 Throwing
 - Level 3.5 Dodging
 + Level 3.1 Spellcasting
 - Level 4.4 Translocations


You had 6 spell levels left.
You knew the following spells:

 Your Spells              Type           Power        Failure   Level  Hunger
a - Apportation           Tloc           ##........   3%          1    #......


Dungeon Overview and Level Annotations

Branches:
Dungeon (2/15)

Altars:


Innate Abilities, Weirdness & Mutations

You are tiny and cannot use many weapons and most armour.
You have supernaturally acute eyesight.
You are a herbivore.
((You cover ground extremely quickly.))
You need consume almost no food.


Message History

* * * LOW HITPOINT WARNING * * *
The adder misses you.
Throwing (i - inventory. (,) - cycle):
e - a tomahawk of dispersal (quivered)
Press: ? - help, Shift-Dir - straight line, f/p - adder
Aim: an adder (heavily wounded)
You throw a tomahawk of dispersal.
The tomahawk of dispersal hits the adder!
The adder blinks!
You kill the adder!
Your Spellcasting skill increases to level 3!
You have reached level 2!
Drink which item? (? for menu, Esc to quit)
It was a potion of lignification.
You turn into a tree.
Your +0 robe melds into your body.
Your roots penetrate the ground.
There is a lethal amount of poison in your body!
There is a lethal amount of poison in your body!
There is a lethal amount of poison in your body!
* * * LOW HITPOINT WARNING * * *
You feel sick.
You die...

##.#.#######.#.###[#.
#####.#.#.....#.#.......
........#.##.##.#..#....
#####.#....#..#.#.......
#.#.#..#..#.#..#....
#.#.#..#<...#.......
..................#
#.#.......<...##....
#.##########♣.# # ..
.........# ..
#.....##..# #..... #.#
#.... .# #.... .# #... #
....


There were no monsters in sight!

Vanquished Creatures
  An adder (D:2)
  2 hobgoblins (D:1)
  3 rats (D:1)
6 creatures vanquished.

Notes
Turn   | Place    | Note
--------------------------------------------------------------
     0 | D:1      | Dingbat the Spriggan Warper began the quest for the Orb.
     0 | D:1      | Reached XP level 1. HP: 10/10 MP: 5/5
   261 | D:1      | Upgraded the game from 0.18.1-8-gdd0e5ea to 0.18.1-50-g88ac8fd
   503 | D:2      | Reached XP level 2. HP: 1/14 MP: 5/7
   505 | D:2      | HP: 1/21 [poisoned by an adder]
   509 | D:2      | Succumbed to an adder's poison

Skill      XL: |  1 |
---------------+----+-----
Spellcasting   | 3 |  3.1
Fighting       | |  1.5
Short Blades   | |  2.9
Throwing       | |  1.0
Dodging        | |  3.5
Translocations | |  4.4

Action                   || total
-------------------------++-------
Melee: Short sword       ||    20
Throw: Tomahawk          ||     5
 Cast: Apportation       ||     2
  Use: Potion            ||     1
Armor: Robe              ||     2
Dodge: Dodged            ||    11
